[Event "9. Korbacher Open 2017"]
[Site "Korbach"]
[Date "2017.10.22"]
[Round "7"]
[White "Wachsmann, Dietmar"]
[Black "Rubina, Tatiana"]
[Result "1-0"]
[ECO "B77"]
[WhiteElo "1930"]
[BlackElo "2022"]
[Annotator "NA"]
[PlyCount "85"]
[EventDate "2017.??.??"]
[EventType "swiss"]
[EventCountry "GER"]
[SourceTitle "playchess.com"]
[Source "ChessBase"]
[SourceQuality "1"]
[TimeControl "40/5400+30:1800+30"]

1. e4 c5 2. Nf3 d6 3. d4 cxd4 4. Nxd4 Nf6 5. Nc3 g6 6. Be3 Bg7 7. f3 O-O 8. Bc4 Nc6 9. Qd2 Na5 10. Be2 a6 11. Bh6 Qc7 12. O-O-O b5 13. h4 Bxh6 14. Qxh6 e5 15. Nf5 Bxf5 16. exf5 Rac8 17. Bd3 d5 18. g4 e4 19. fxe4 dxe4 20. Nxe4 Nxe4 21. Bxe4 Qe5 22. Bd3 Nc4 23. Bxc4 Rxc4 24. fxg6 hxg6 25. Rhe1 Qc5 26. h5 Rxg4 27. hxg6 Rxg6 28. Qh2 Qg5+ 29. Kb1 Qh6 30. Qe5 Qg7 31. Qc5 Qf6 32. Rh1 Rd8 33. Rdf1 Qd4 34. Qe7 Rf8 35. Rd1 Qf6 36. Qe3 Rd8 37. Rxd8+ Qxd8 38. Qe5 Rg7 39. Qh2 Kf8 40. Qh8+ Rg8 41. Qh6+ Rg7 42. Rg1 Qd4 43. Qh8+ 1-0

[Event "9. Korbacher Open 2017"]
[Site "Korbach"]
[Date "2017.10.22"]
[Round "7"]
[White "Hagedorn, Alfons"]
[Black "Koerber, Thomas"]
[Result "1-0"]
[ECO "C50"]
[WhiteElo "1923"]
[BlackElo "1857"]
[Annotator "NA"]
[PlyCount "69"]
[EventDate "2017.??.??"]
[EventType "swiss"]
[EventCountry "GER"]
[SourceTitle "playchess.com"]
[Source "ChessBase"]
[SourceQuality "1"]
[TimeControl "40/5400+30:1800+30"]

1. e4 Nc6 2. Nf3 e5 3. Bc4 Be7 4. O-O Nf6 5. d3 h6 6. Nc3 d6 7. h3 Na5 8. Bb3 Nxb3 9. axb3 c6 10. Re1 O-O 11. Bd2 b5 12. Ne2 Bb7 13. Be3 a6 14. Ng3 Bc8 15. Qd2 Bd7 16. Nh2 Qc7 17. f4 exf4 18. Bxf4 Kh7 19. Nf3 Ng8 20. d4 Qd8 21. Rad1 Re8 22. e5 d5 23. Qd3+ g6 24. e6 Bxe6 25. Rxe6 Bf6 26. Rxe8 Qxe8 27. Re1 Qd8 28. Ne5 Bxe5 29. dxe5 Qh4 30. Qf3 Re8 31. Bd2 Kg7 32. c3 Re6 33. Be3 Ne7 34. Bd4 Kg8 35. Rf1 1-0

[Event "9. Korbacher Open 2017"]
[Site "Korbach"]
[Date "2017.10.22"]
[Round "7"]
[White "Buese, Ralf"]
[Black "Held, Martin"]
[Result "1/2-1/2"]
[ECO "D00"]
[WhiteElo "1892"]
[BlackElo "1821"]
[Annotator "NA"]
[PlyCount "31"]
[EventDate "2017.??.??"]
[EventType "swiss"]
[EventCountry "GER"]
[SourceTitle "playchess.com"]
[Source "ChessBase"]
[SourceQuality "1"]
[TimeControl "40/5400+30:1800+30"]

1. d4 d5 2. Bf4 Nf6 3. e3 Bf5 4. c4 c6 5. Nc3 e6 6. Qb3 Qb6 7. c5 Qxb3 8. axb3 Nbd7 9. Nf3 h6 10. h3 Be7 11. b4 O-O 12. b5 cxb5 13. Nxb5 a6 14. Nd6 Bxd6 15. Bxd6 Rfe8 16. Ra3 1/2-1/2

[Event "9. Korbacher Open 2017"]
[Site "Korbach"]
[Date "2017.10.22"]
[Round "7"]
[White "Launert, Martin"]
[Black "Naujocks, Christian"]
[Result "1-0"]
[ECO "C64"]
[WhiteElo "1879"]
[BlackElo "1654"]
[Annotator "NA"]
[PlyCount "77"]
[EventDate "2017.??.??"]
[EventType "swiss"]
[EventCountry "GER"]
[SourceTitle "playchess.com"]
[Source "ChessBase"]
[SourceQuality "1"]
[TimeControl "40/5400+30:1800+30"]

1. e4 e5 2. Nf3 Nc6 3. Bb5 Bc5 4. d3 Nf6 5. O-O O-O 6. c3 Re8 7. Bg5 d6 8. h3 Bd7 9. Nbd2 h6 10. Bh4 a6 11. Ba4 b5 12. Bc2 Kh8 13. b4 Bb6 14. a4 Rg8 15. axb5 axb5 16. Nb3 Rxa1 17. Qxa1 g5 18. Bg3 Nh5 19. Kh2 Nxg3 20. fxg3 Ne7 21. c4 Be3 22. g4 Ng6 23. Re1 Bf2 24. Re2 Bh4 25. g3 Qf6 26. Nbd2 Nf4 27. gxf4 Qxf4+ 28. Kh1 h5 29. Nxh4 gxh4 30. Qf1 Qxf1+ 31. Nxf1 hxg4 32. hxg4 Bxg4 33. Rf2 Rg7 34. Nh2 Bd7 35. Rg2 Rh7 36. Ng4 h3 37. Rg3 Rg7 38. Rxh3+ Kg8 39. Nf6+ 1-0

[Event "9. Korbacher Open 2017"]
[Site "Korbach"]
[Date "2017.10.22"]
[Round "7"]
[White "Lehmann, Tim"]
[Black "Hild, Sebastian"]
[Result "1/2-1/2"]
[ECO "D00"]
[WhiteElo "1865"]
[BlackElo "1786"]
[Annotator "NA"]
[PlyCount "33"]
[EventDate "2017.??.??"]
[EventType "swiss"]
[EventCountry "GER"]
[SourceTitle "playchess.com"]
[Source "ChessBase"]
[SourceQuality "1"]
[TimeControl "40/5400+30:1800+30"]

1. d4 d5 2. Bf4 Nf6 3. e3 e6 4. Nf3 Be7 5. c3 O-O 6. Nbd2 b6 7. Ne5 Bb7 8. Bd3 Nbd7 9. h4 c5 10. Ndf3 Ne4 11. Ng5 Nxe5 12. dxe5 h6 13. Nh3 c4 14. Bb1 f5 15. exf6 Nxf6 16. Qc2 Ne4 17. f3 1/2-1/2

[Event "9. Korbacher Open 2017"]
[Site "Korbach"]
[Date "2017.10.22"]
[Round "7"]
[White "Shkolnyk, Boris"]
[Black "Kirchner, Markus"]
[Result "0-1"]
[ECO "A80"]
[WhiteElo "1812"]
[BlackElo "1884"]
[Annotator "NA"]
[PlyCount "116"]
[EventDate "2017.??.??"]
[EventType "swiss"]
[EventCountry "GER"]
[SourceTitle "playchess.com"]
[Source "ChessBase"]
[SourceQuality "1"]
[TimeControl "40/5400+30:1800+30"]

1. d4 f5 2. Bg5 g6 3. Nc3 Bg7 4. h4 h6 5. Bf4 Nf6 6. e3 d6 7. Be2 O-O 8. Nh3 Qe8 9. Qd3 Nc6 10. O-O e5 11. dxe5 dxe5 12. Bh2 a6 13. Rfd1 Be6 14. Qd2 Qe7 15. a3 Rad8 16. Qe1 Nd5 17. Nxd5 Rxd5 18. Bc4 Rxd1 19. Bxe6+ Qxe6 20. Rxd1 Bf6 21. f3 Qc4 22. Bg3 Qxc2 23. Rd2 Qb3 24. Bf2 g5 25. hxg5 hxg5 26. Bg3 Qf7 27. Qd1 Qe6 28. Qc2 Kg7 29. Qd1 Rf7 30. b4 Na7 31. Qb1 Nb5 32. a4 Nd6 33. b5 axb5 34. axb5 Re7 35. Rc2 b6 36. Rc6 Qd5 37. Rxd6 cxd6 38. Qxf5 Qe6 39. Qc2 d5 40. Nf2 e4 41. fxe4 dxe4 42. Nh3 Qf5 43. Qe2 Ra7 44. Kh2 Ra5 45. Qh5 Rxb5 46. Qe8 Rc5 47. Nf2 Rc8 48. Qa4 b5 49. Qa7+ Kg6 50. Qb7 Re8 51. Qc6 Re7 52. Qa8 Qe6 53. Kg1 b4 54. Qb8 b3 55. Bd6 Re8 56. Qb4 b2 57. Kh2 b1=Q 58. Qxb1 Qxd6+ 0-1

[Event "9. Korbacher Open 2017"]
[Site "Korbach"]
[Date "2017.10.22"]
[Round "7"]
[White "Van de Griend, Johan"]
[Black "Deutsch, Christoph"]
[Result "1-0"]
[ECO "C44"]
[WhiteElo "1797"]
[BlackElo "1755"]
[Annotator "NA"]
[PlyCount "65"]
[EventDate "2017.??.??"]
[EventType "swiss"]
[EventCountry "GER"]
[SourceTitle "playchess.com"]
[Source "ChessBase"]
[SourceQuality "1"]
[TimeControl "40/5400+30:1800+30"]

1. e4 e5 2. Nf3 Nc6 3. d4 exd4 4. Nxd4 Nf6 5. Nc3 Bb4 6. Nxc6 bxc6 7. Bd3 h6 8. O-O O-O 9. Bd2 Re8 10. Re1 d6 11. h3 Bb7 12. a3 Ba5 13. b4 Bb6 14. Be3 d5 15. Bxb6 cxb6 16. e5 Nd7 17. f4 Qc7 18. Qg4 Nf8 19. Rad1 Re7 20. Ne2 Rae8 21. Ng3 Bc8 22. Bf5 Ne6 23. Nh5 Kh8 24. Bxe6 fxe6 25. Qg6 Rf7 26. Re3 Qe7 27. Rg3 Qf8 28. Re1 Ree7 29. Rg4 Bd7 30. Qd3 Be8 31. Rf1 Rf5 32. Ng3 Rff7 33. Nh5 1-0

[Event "9. Korbacher Open 2017"]
[Site "Korbach"]
[Date "2017.10.22"]
[Round "7"]
[White "Rehbein, Ullrich"]
[Black "Basovskiy, Jana"]
[Result "1-0"]
[ECO "B40"]
[WhiteElo "1778"]
[BlackElo "1825"]
[Annotator "NA"]
[PlyCount "47"]
[EventDate "2017.??.??"]
[EventType "swiss"]
[EventCountry "GER"]
[SourceTitle "playchess.com"]
[Source "ChessBase"]
[SourceQuality "1"]
[TimeControl "40/5400+30:1800+30"]

1. e4 c5 2. Nf3 e6 3. c3 Nf6 4. e5 Nd5 5. Bc4 Nc6 6. O-O Nb6 7. Bb3 d6 8. d4 cxd4 9. cxd4 Be7 10. Nc3 O-O 11. a4 a6 12. Bf4 Qc7 13. Rc1 Qb8 14. Bc2 Rd8 15. Ng5 h6 16. Nxf7 Kxf7 17. Qh5+ Kf8 18. Bg6 dxe5 19. Bxh6 Bf6 20. Bxg7+ Bxg7 21. Qf3+ Ke7 22. Qf7+ Kd6 23. Ne4+ Kd5 24. Rc5+ 1-0

[Event "9. Korbacher Open 2017"]
[Site "Korbach"]
[Date "2017.10.22"]
[Round "7"]
[White "Meyer, Marcel"]
[Black "Forgach, Andreas"]
[Result "1/2-1/2"]
[ECO "E97"]
[WhiteElo "1740"]
[BlackElo "1851"]
[Annotator "NA"]
[PlyCount "52"]
[EventDate "2017.??.??"]
[EventType "swiss"]
[EventCountry "GER"]
[SourceTitle "playchess.com"]
[Source "ChessBase"]
[SourceQuality "1"]
[TimeControl "40/5400+30:1800+30"]

1. d4 Nf6 2. c4 g6 3. Nc3 Bg7 4. e4 d6 5. Nf3 O-O 6. Be2 e5 7. O-O Nc6 8. d5 Ne7 9. b4 a5 10. Ba3 axb4 11. Bxb4 b6 12. a4 Nd7 13. a5 bxa5 14. Rxa5 Rb8 15. Qa4 Nb6 16. Qa3 Bg4 17. c5 Nbc8 18. Ra1 Bxf3 19. Bxf3 f5 20. Ra8 Rxa8 21. Qxa8 fxe4 22. Bxe4 Nf5 23. Qb7 dxc5 24. Bxc5 Ncd6 25. Qa6 Re8 26. f3 Nd4 1/2-1/2

[Event "9. Korbacher Open 2017"]
[Site "Korbach"]
[Date "2017.10.22"]
[Round "7"]
[White "Bayer, Martin"]
[Black "Hoekstra, Peter"]
[Result "0-1"]
[ECO "B34"]
[WhiteElo "1732"]
[BlackElo "2074"]
[Annotator "NA"]
[PlyCount "92"]
[EventDate "2017.??.??"]
[EventType "swiss"]
[EventCountry "GER"]
[SourceTitle "playchess.com"]
[Source "ChessBase"]
[SourceQuality "1"]
[TimeControl "40/5400+30:1800+30"]

1. e4 c5 2. Nf3 g6 3. d4 cxd4 4. Nxd4 Nc6 5. Nc3 Bg7 6. Be3 Nf6 7. Be2 O-O 8. O-O d5 9. exd5 Nxd5 10. Nxd5 Qxd5 11. Bf3 Qc4 12. Nxc6 bxc6 13. c3 Rb8 14. Qd2 Be6 15. b3 Qxc3 16. Qxc3 Bxc3 17. Rac1 Bf6 18. Rxc6 a5 19. Bb6 Bd7 20. Rc7 Rxb6 21. Rxd7 Rc8 22. Bd5 Rc2 23. a4 Rd6 24. Rxd6 exd6 25. Rd1 Bd4 26. Rf1 Rd2 27. Bc4 Bc5 28. g3 d5 29. Bb5 Rb2 30. Bc6 d4 31. Bd5 d3 32. Bc4 d2 33. Rd1 Rc2 34. Kf1 Rc1 35. Ke2 Bb4 36. f3 Kf8 37. h4 f6 38. g4 g5 39. h5 h6 40. Bd5 Ke7 41. Be4 Kd6 42. Bd3 Ke5 43. Bc4 Kf4 44. Bd5 Rc3 45. Rf1 Re3+ 46. Kd1 Re1+ 0-1

[Event "9. Korbacher Open 2017"]
[Site "Korbach"]
[Date "2017.10.22"]
[Round "7"]
[White "Boehme, Jonas"]
[Black "Petras, Nils"]
[Result "0-1"]
[ECO "B90"]
[WhiteElo "1675"]
[BlackElo "1922"]
[Annotator "NA"]
[PlyCount "76"]
[EventDate "2017.??.??"]
[EventType "swiss"]
[EventCountry "GER"]
[SourceTitle "playchess.com"]
[Source "ChessBase"]
[SourceQuality "1"]
[TimeControl "40/5400+30:1800+30"]

1. e4 c5 2. Nf3 d6 3. d4 cxd4 4. Nxd4 Nf6 5. Nc3 a6 6. Be3 e5 7. Nb3 Be6 8. f3 Nbd7 9. Qd2 Be7 10. Be2 b5 11. g4 Nb6 12. g5 Nfd7 13. f4 exf4 14. Bxf4 Ne5 15. Nd4 Nbc4 16. Nxe6 fxe6 17. Qd4 Bxg5 18. Bxg5 Qxg5 19. Rg1 Qh4+ 20. Kd1 Qh6 21. Rg3 O-O 22. Bxc4 Nxc4 23. b3 Rf1+ 24. Ke2 Rxa1 25. Nd5 Qd2+ 26. Qxd2 Nxd2 27. Nc7 Rc8 28. Nxe6 Rxc2 29. Rxg7+ Kh8 30. Kd3 Raxa2 31. Rd7 Rc8 32. Ng5 Nxb3 33. Nf7+ Kg8 34. Nh6+ Kf8 35. Rxh7 Rd2+ 36. Ke3 Rc3+ 37. Kf4 Rxh2 38. Rh8+ Kg7 0-1

[Event "9. Korbacher Open 2017"]
[Site "Korbach"]
[Date "2017.10.22"]
[Round "7"]
[White "Simukov, Erik"]
[Black "Achermann, Didier"]
[Result "1-0"]
[ECO "B84"]
[WhiteElo "1621"]
[BlackElo "1811"]
[Annotator "NA"]
[PlyCount "77"]
[EventDate "2017.??.??"]
[EventType "swiss"]
[EventCountry "GER"]
[SourceTitle "playchess.com"]
[Source "ChessBase"]
[SourceQuality "1"]
[TimeControl "40/5400+30:1800+30"]

1. e4 c5 2. Nf3 d6 3. d4 cxd4 4. Nxd4 Nf6 5. Nc3 a6 6. Be2 e6 7. Be3 Be7 8. O-O O-O 9. f4 Nbd7 10. Bf3 Qc7 11. Kh1 Nb6 12. Qe1 Nc4 13. Bc1 Nd7 14. b3 Ncb6 15. Bb2 Bf6 16. Qd2 Re8 17. a4 Nf8 18. a5 Nbd7 19. g4 Ng6 20. g5 Be7 21. f5 Ngf8 22. Bh5 g6 23. Be2 Ne5 24. f6 Bd8 25. Qe3 h5 26. Rf4 Nh7 27. Qg3 Nd7 28. Rh4 Nhxf6 29. gxf6 Nxf6 30. Bxh5 Nxh5 31. Rxh5 Bf6 32. Nde2 Bd7 33. Nd5 Bxb2 34. Nxc7 Bxa1 35. Nxa8 Be5 36. Rxe5 dxe5 37. Nb6 Bc6 38. Qxe5 Rd8 39. Nd4 1-0

[Event "9. Korbacher Open 2017"]
[Site "Korbach"]
[Date "2017.10.22"]
[Round "7"]
[White "Sakhra, Roman"]
[Black "Mak, Nico"]
[Result "0-1"]
[ECO "E92"]
[WhiteElo "1489"]
[BlackElo "1799"]
[Annotator "NA"]
[PlyCount "64"]
[EventDate "2017.??.??"]
[EventType "swiss"]
[EventCountry "GER"]
[SourceTitle "playchess.com"]
[Source "ChessBase"]
[SourceQuality "1"]
[TimeControl "40/5400+30:1800+30"]

1. d4 Nf6 2. Nf3 g6 3. c4 Bg7 4. Nc3 d6 5. e4 O-O 6. Be2 e5 7. d5 a5 8. O-O Nbd7 9. b3 Nc5 10. Nd2 Ne8 11. a3 f5 12. f3 Nf6 13. Rb1 f4 14. b4 axb4 15. axb4 Ncd7 16. Nb3 g5 17. c5 Rf7 18. Nb5 Bf8 19. Qc2 Rg7 20. c6 bxc6 21. Qxc6 Nb6 22. Bd2 g4 23. Rbc1 gxf3 24. Rxf3 Nxe4 25. Nxc7 Ra2 26. Rd3 Rxg2+ 27. Kxg2 Qg5+ 28. Kf1 Qh4 29. Rf3 Bh3+ 30. Kg1 Qg5+ 31. Rg3 Nxg3 32. Kf2 Ne4+ 0-1

[Event "9. Korbacher Open 2017"]
[Site "Korbach"]
[Date "2017.10.22"]
[Round "7"]
[White "Hildebrand, Georg"]
[Black "Mohammadi, Sholeh"]
[Result "1-0"]
[ECO "A13"]
[WhiteElo "1477"]
[BlackElo "1190"]
[Annotator "NA"]
[PlyCount "139"]
[EventDate "2017.??.??"]
[EventType "swiss"]
[EventCountry "GER"]
[SourceTitle "playchess.com"]
[Source "ChessBase"]
[SourceQuality "1"]
[TimeControl "40/5400+30:1800+30"]

1. c4 e6 2. g3 c6 3. Bg2 d5 4. cxd5 cxd5 5. Nf3 Nc6 6. O-O Bd7 7. b3 a5 8. Bb2 Nf6 9. d3 b5 10. a3 b4 11. a4 h6 12. Nbd2 Rc8 13. Rc1 Be7 14. Re1 O-O 15. e4 Ng4 16. h3 Bf6 17. e5 Ngxe5 18. Nxe5 Nxe5 19. Bxe5 Rxc1 20. Qxc1 Bg5 21. Qb2 f6 22. Bd4 Bc8 23. Nf3 e5 24. Bc5 Rf7 25. Nxg5 hxg5 26. Qe2 Rc7 27. Bb6 Be6 28. d4 Qd7 29. Bxc7 Qxc7 30. Qb5 Qd8 31. Qc6 Bf7 32. dxe5 fxe5 33. Rxe5 d4 34. Qa8 Qxa8 35. Bxa8 Bxb3 36. Rxa5 d3 37. Bc6 d2 38. Bf3 Bc2 39. Rc5 Kh7 40. Rc8 b3 41. a5 b2 42. Rb8 d1=Q+ 43. Bxd1 Bxd1 44. Rxb2 Bf3 45. Rb3 Bd1 46. Rb6 Bf3 47. Kf1 g6 48. g4 Kg7 49. a6 Kf7 50. a7 Be4 51. Rb3 Bd5 52. Rb5 Bc6 53. Rxg5 Kf6 54. Rc5 Be4 55. h4 Ke6 56. Ra5 Kd6 57. a8=Q Bxa8 58. Rxa8 Ke6 59. Ra6+ Kf7 60. g5 Kg7 61. Ra7+ Kf8 62. Ke2 Ke8 63. Ke3 Kd8 64. Ke4 Kc8 65. Kd5 Kb8 66. Rg7 Kc8 67. Kd6 Kb8 68. Kc6 Ka8 69. Kb6 Kb8 70. Rg8# 1-0